 Dungeon Crawl Stone Soup version 0.30-a0-723-gc1506a1cf0 (webtiles) character file.

Game seed: 3818279556183489252

80 jimonade the Magician (level 4, -6/31 HPs)
             Began as a Djinni Fire Elementalist on Jan 28, 2023.
             Mangled by Natasha (9 damage)
             ... on level 2 of the Dungeon.
             The game lasted 00:02:21 (1159 turns).

jimonade the Magician (Djinni Fire Elementalist)    Turns: 1159, Time: 00:02:21

Health: -6/31      AC:  2    Str:  7    XL:     4   Next: 65%
Gold:   100        EV: 12    Int: 19    God:
                   SH:  0    Dex: 13

rFire   + + .      SeeInvis .    p - +0 quarterstaff
rCold   x . .      Faith    .    (shield currently unavailable)
rNeg    . . .      Spirit   .    a - +0 robe
rPois   ∞          Reflect  .    (no helmet)
rElec   .          Harm     .    (no cloak)
rCorr   .          Rampage  .    (no gloves)
Will    .....                    (boots unavailable)
Stlth   ++                       (no amulet)
HPRegen 0.25/turn                (no ring)
MPRegen 0.00/turn                (no ring)

@: flying, slowed, very slow
A: sickness immunity, fire resistance 2, cold vulnerability 1, float, innate
caster, HP casting, extra vitality 1
a: no special abilities


You were on level 2 of the Dungeon.
You visited 1 branch of the dungeon, and saw 2 of its levels.

You collected 100 gold pieces.

Inventory:

Hand Weapons
 m - a +0 dagger
 p - a +0 quarterstaff (weapon)
Missiles
 g - 2 throwing nets
 j - 5 poisoned darts
 n - 31 stones
Armour
 a - a +0 robe (worn)
Jewellery
 o - a ring of willpower
Wands
 q - a wand of roots (11)
Scrolls
 d - 2 scrolls of teleportation {unknown}
 e - a scroll of enchant weapon {unknown}
 f - a scroll of magic mapping {unknown}
 h - 5 scrolls of identify {unknown}
 i - a scroll of torment {unknown}
Potions
 b - a potion of magic
 c - a potion of cancellation {unknown}
 k - a potion of brilliance {unknown}
 l - 2 potions of degeneration {unknown}


   Skills:
 - Level 2.1 Dodging
 - Level 1.5 Stealth
 + Level 4.0 Spellcasting


You couldn't memorise any spells.
You knew the following spells:

 Your Spells              Type           Power      Damage    Failure   Level
a - Foxfire               Conj/Fire      76%        2x1d7     2%          1
b - Scorch                Fire           38%        2d7       4%          2
c - Kindle Blastsparks    Fire/Tloc/Air  38%        2d13      8%          3
d - Inner Flame           Hex/Fire       19%        N/A       8%          3
e - Flame Wave            Conj/Fire      19%        2d7       26%         4
f - Apportation           Tloc           38%        N/A       2%          1
Your spell library was empty.

Dungeon Overview and Level Annotations

Branches:
Dungeon (2/15)

Altars:

Shops:
D:1 !

Annotations:
D:2 Natasha


Innate Abilities, Weirdness & Mutations

You are immune to sickness and miasma.
You are immune to poison.
Your flesh is very heat resistant. (rF++)
You are vulnerable to cold. (rC-)
You float through the air rather than walking.
You learn spells naturally, not from books.
Your magical power is your life essence.
You have superior vitality. (+4 MHP)


Message History

You see here 13 gold pieces.
You conjure some foxfire!
Natasha casts a spell at you.
You feel yourself slow down.
You conjure some foxfire!
The foxfire hits Natasha.
Natasha is lightly wounded.
Natasha mumbles some strange words.
Natasha's front paws start to glow.
Natasha drinks a potion.
Natasha suddenly seems more resistant.
Your foxfire dissipates!
You conjure some foxfire!
Natasha mumbles some strange words.
You feel disoriented.
Natasha mumbles some strange words.
You conjure some foxfire!
The foxfire hits the crimson imp.
The crimson imp completely resists.
The foxfire hits Natasha.
Natasha resists.
Natasha is moderately wounded.
The foxfire hits Natasha.
Natasha resists.
Natasha is moderately wounded.
You conjure some foxfire!
The foxfire hits the crimson imp.
The crimson imp completely resists.
Natasha claws you!
The crimson imp blinks!
Casting: Foxfire (safe; 2% risk of failure)
Confirm with . or Enter, or press ? or * to list all spells.
Flames lash Natasha.
Natasha resists.
Natasha is heavily wounded.
Natasha's fire resistance burns away.
The foxfire hits Natasha.
Natasha is heavily wounded.
The foxfire hits Natasha.
Natasha is almost dead.
Natasha casts a spell at you. The magic dart hits you!
Casting: Scorch (safe; 4% risk of failure)
Confirm with . or Enter, or press ? or * to list all spells.
Flames lash the crimson imp.
The crimson imp completely resists.
* * * LOW HITPOINT WARNING * * *
Natasha casts a spell at you. The magic dart hits you.
* * * LOW HITPOINT WARNING * * *
The crimson imp barely misses you. Natasha claws you!
You die...

##...# .....# .....#####
######### .........#
#.......#
.....#..####.......#
†..................#
.......#####.......###
.......### #...5.....#
.........###....@h...###
.......#.......§.$.....#
......##.##.......#.#..#
.#....# .###.###†#.#.# #
.##.#.##.# #.# #..#_#..
.##.#........ #.#.#.#.#
.##......#### ..(#.#...#
.......### ... .!.#
#....### #... ..


You could see Natasha (resistant, combustible) and a crimson imp (summoned).

Vanquished Creatures
  4 adders (D:2)
  2 worms (D:2)
  4 ball pythons (D:1)
  6 endoplasms
  5 giant cockroaches
  2 goblins (D:1)
  3 hobgoblins
  5 kobolds (D:2)
  A quokka (D:1)
  3 bats
  2 frilled lizards (D:1)
37 creatures vanquished.

Vanquished Creatures (collateral kills)
  A foxfire (D:1)
1 creature vanquished.

Vanquished Creatures (others)
  110 foxfires
  15 plants (D:1)
125 creatures vanquished.

Grand Total: 163 creatures vanquished

Notes
Turn   | Place    | Note
-------+----------+-------------------------------------------
     0 | D:1      | jimonade the Djinni Fire Elementalist began the quest for
                  | the Orb.
     0 | D:1      | jimonade set off with the following spells memorised:
                  | Foxfire, Scorch, Kindle Blastsparks, Inner Flame, Flame
                  | Wave.
     0 | D:1      | Reached XP level 1. HP: 15/15 MP: 0/0
   148 | D:1      | Reached XP level 2. HP: 20/21 MP: 0/0
   295 | D:1      | Found Pirchin's Distillery.
   320 | D:1      | Reached skill level 3 in Spellcasting
   717 | D:2      | Reached XP level 3. HP: 24/25 MP: 0/0
   717 | D:2      | Learned a level 1 spell: Apportation
   926 | D:2      | Reached XP level 4. HP: 31/31 MP: 0/0
  1144 | D:2      | Found a faded altar of an unknown god.
  1150 | D:2      | Reached skill level 4 in Spellcasting
  1151 | D:2      | Noticed Natasha
  1159 | D:2      | Mangled by Natasha

Illustrated notes

Levels and vault maps discovered:
D:1:      roderic_crop_circles_arrival_small, layout_basic, serial_shops,
          shop_statue, dreamdust_mushroom_princess, minmay_misc_feat_diagonals
D:2:      minmay_kobold_bridge, layout_rooms,
          chequers_ecumenical_altar_simple_redux, minmay_pentomino_o4,
          uniq_crazy_yiuf_cottage, uniq_natasha

Skill      XL: |  1  2  3  4 |
---------------+-------------+-----
Spellcasting   | 3 4 |  4.0
Dodging        | |  2.1
Stealth        | |  1.5

Action                     |  1- 3 |  4- 6 || total
---------------------------+-------+-------++-------
  Melee: Unarmed           |     1 |       ||     1
   Cast: Foxfire           |    48 |    15 ||    63
         Scorch            |     1 |     2 ||     3
 Armour: Robe              |     2 |     1 ||     3
  Dodge: Dodged            |    12 |     2 ||    14

Table legend: (Time is in decaauts)
 A = Elapsed time spent in this place.
 B = Non-inter-level travel time spent in this place.
 C = Inter-level travel time spent in this place.
 D = Time resting spent in this place.
 E = Time spent auto-exploring this place.
 F = Levels seen in this place.
 G = Mean time per level.
                   A        B        C        D        E       F      G
               +--------+--------+--------+--------+--------+-----+--------+
         Total |   1161 |   1075 |     86 |      0 |    803 |   2 |  580.5 |
       Dungeon |   1161 |   1075 |     86 |      0 |    803 |   2 |  580.5 |
               +--------+--------+--------+--------+--------+-----+--------+

Top non-repeatable levels by time:
     D:1: 714 daAuts
     D:2: 447 daAuts
